Map: Torches LE

Players

DnS

  • Race: Protoss Protoss
  • Spawn Location: 1:00

VITRyung (Ryung) - Winner!

  • Race: Terran Terran
  • League: Master
  • Spawn Location: 5:00

Event: HomeStory Cup XXVII

VOD

Have the link to the VOD?

Description

Time

  • Played on: June 27, 2025, 6:56 a.m.
  • Length: 6:49

All games in this series

Show
View Real Time Build Order
Export as new Build Order

DnS Protoss 

Build Orders: 1 Gate Expand, Phoenix Opening, Colossus Rush 

Get SALT Encoding   

  12  0:00  Probe  
  13  0:12  Probe  
  14  0:18  Pylon  
  14  0:24  Probe  
  15  0:32  Probe  
  15  0:37  Gateway  
  15  0:40  Probe  
  16  0:49  Assimilator  
  17  0:51  Probe  
  18  1:03  Probe  
  19  1:15  Probe  
  20  1:24  Cybernetics Core  
  20  1:35  Nexus  
  20  1:38  Probe  
  21  1:44  Pylon  
  21  1:51  Probe  
  21  1:52  Adept  
  21  1:53  Assimilator  
  22  2:03  Probe  
  25  2:15  Probe  
  25  2:18  Stargate  
  25  2:22  Adept  
  28  2:30  Probe  
  28  2:33  Warp Gate  
  29  2:40  Probe  
  29  2:43  Probe  
  30  2:48  Probe  
  30  2:51  Probe  
  31  2:52  Adept  
  31  2:56  Probe  
  35  3:01  Probe  
  35  3:02  Phoenix  
  37  3:08  Probe  
  40  3:13  Probe  
  41  3:20  Probe  
  41  3:21  Phoenix  
  41  3:25  Probe  
  43  3:30  Pylon  
  43  3:32  Probe  
  46  3:35  Gateway  
  46  3:41  Phoenix  
  46  3:48  Probe x2  
  50  3:49  Pylon  
  50  3:51  Robotics Facility  
  50  3:57  Shield Battery  
  50  4:00  Probe x2  
  52  4:04  Phoenix, Assimilator  
  52  4:09  Assimilator  
  54  4:12  Probe x2  
  54  4:17  Pylon  
  56  4:24  Probe x2  
  56  4:31  Pylon  
  60  4:33  Immortal  
  60  4:36  Probe  
  61  4:39  Robotics Bay  
  61  4:41  Probe  
  64  4:51  Phoenix  
  66  5:00  Nexus  
  66  5:04  Pylon  
  66  5:08  Probe x2  
  66  5:09  Pylon  
  66  5:11  Observer  
  66  5:12  Pylon  
  69  5:15  Colossus  
  69  5:18  Pylon  
  69  5:20  Phoenix  
  71  5:34  Probe x2  
  79  5:44  Sentry, Zealot  
  79  5:46  Probe  
  79  5:48  Pylon  
  79  5:49  Probe  
  85  5:57  Shield Battery  
  85  5:59  Shield Battery, Probe  
  92  6:14  Zealot x2  
  68  6:36  Zealot x2  
Show
View Real Time Build Order
Export as new Build Order

VITRyung Terran - Winner!

Build Orders: Cyclone Opening 

Get SALT Encoding   

  12  0:00  SCV  
  13  0:12  SCV  
  14  0:16  Supply Depot  
  14  0:24  SCV  
  15  0:38  SCV  
  15  0:39  Barracks  
  16  0:44  Refinery  
  16  0:50  SCV  
  17  1:02  SCV  
  18  1:14  SCV  
  19  1:26  Orbital Command  
  19  1:35  Marine  
  19  1:38  Command Center  
  20  1:53  SCV  
  21  1:55  Factory  
  21  2:00  Refinery  
  21  2:05  SCV  
  22  2:08  Supply Depot  
  22  2:11  Barracks Tech Lab  
  22  2:18  SCV  
  23  2:30  SCV  
  24  2:40  Barracks, Barracks Reactor  
  24  2:42  SCV  
  24  2:43  Cyclone  
  28  2:50  Orbital Command  
  28  2:55  SCV  
  29  3:07  SCV  
  30  3:17  SCV  
  30  3:19  Marine x2, SCV  
  34  3:22  Barracks  
  34  3:24  Factory Tech Lab  
  34  3:29  SCV  
  34  3:31  SCV  
  36  3:37  Supply Depot  
  36  3:40  Stimpack  
  36  3:41  SCV  
  37  3:42  Siege Tank  
  37  3:43  SCV  
  37  3:46  Marine x3  
  44  3:51  Supply Depot  
  44  3:53  SCV  
  45  3:55  SCV  
  46  4:05  SCV  
  46  4:08  SCV  
  46  4:09  Supply Depot, Marine  
  49  4:12  Marine, Barracks Tech Lab  
  49  4:14  Marine, Siege Tank  
  54  4:18  SCV  
  54  4:20  SCV  
  56  4:30  SCV  
  57  4:31  Combat Shield  
  57  4:32  SCV  
  57  4:33  Marine  
  57  4:34  Marine x3  
  57  4:37  Supply Depot  
  62  4:46  Siege Tank  
  62  4:51  Marine x2  
  62  4:52  Marauder  
  69  4:57  Supply Depot  
  69  4:59  Marauder  
  71  5:09  Marine x2  
  71  5:14  Marauder  
  75  5:18  Supply Depot, Siege Tank  
  75  5:21  Marauder  
  80  5:27  Marine x2  
  82  5:30  Supply Depot  
  82  5:35  Marauder  
  84  5:42  Marauder  
  86  5:51  Marine x2  
  86  5:55  Siege Tank  
  86  5:56  Marauder  
  93  6:03  Marauder  
  95  6:09  Marine x2  
  96  6:15  Bunker x2  
  83  6:27  Marauder x2, Marine x2  
Tags
 
Add a new tag
Caveats
  • Supply blocks, unpowered buildings, or Contaminate may cause inaccurate times.
  • Supply counts are checked every 10 seconds.